Map: Ulrena

Players

Tonioman

  • Race: Zerg Zerg
  • League: Bronze
  • Spawn Location: 11:00

zidar - Winner!

  • Race: Zerg Zerg
  • League: Gold
  • Spawn Location: 7:00

VOD

Have the link to the VOD?

Description

Time

  • Played on: June 14, 2016, 12:01 p.m.
  • Length: 7:26
Show
View Real Time Build Order
Export as new Build Order

Tonioman Zerg 

Build Orders: Hatch First 

Get SALT Encoding   

  12  0:04  Drone  
  13  0:12  Overlord  
  13  0:20  Drone  
  14  0:32  Drone x2  
  16  0:39  Drone  
  17  0:49  Drone  
  18  1:01  Hatchery  
  17  1:07  Extractor  
  17  1:08  Drone  
  17  1:20  Spawning Pool  
  16  1:31  Drone x2  
  16  1:32  Drone  
  19  1:43  Drone  
  20  1:55  Drone  
  21  2:04  Drone  
  22  2:08  Metabolic Boost  
  22  2:13  Queen x2  
  26  2:17  Overlord  
  26  2:23  Zergling x2  
  27  2:38  Drone x4  
  31  2:48  Baneling Nest  
  30  2:51  Evolution Chamber  
  29  3:00  Zergling x8  
  33  3:17  Zergling x4  
  34  3:25  Spine Crawler  
  29  3:41  Zergling x14  
  30  3:53  Zergling x4  
  16  4:07  Zerg Melee Weapons Level 1  
  16  4:14  Zergling x8  
  16  4:21  Baneling x3  
  12  4:45  Drone  
  12  4:56  Drone x2  
  14  5:07  Drone  
  14  5:22  Zergling x6  
  14  5:28  Drone  
  18  5:33  Baneling  
  18  5:43  Drone x2  
  20  5:55  Queen  
  22  6:10  Spine Crawler  
  21  6:11  Zergling x2  
  21  6:12  Zergling x2  
  21  6:15  Zergling x2  
  24  6:24  Zergling x4  
  26  6:45  Drone  
  26  6:46  Drone x4  
Show
View Real Time Build Order
Export as new Build Order

zidar Zerg - Winner!

Build Orders: Pool First 

Get SALT Encoding   

  12  0:05  Drone  
  13  0:11  Drone  
  14  0:17  Overlord  
  14  0:21  Extractor  
  14  0:23  Drone  
  15  0:35  Drone  
  16  0:37  Drone  
  17  0:48  Spawning Pool  
  16  0:54  Drone  
  16  0:55  Extractor  
  16  0:59  Overlord  
  16  1:10  Overlord  
  16  1:23  Overlord  
  16  1:35  Queen  
  16  1:37  Zergling x2  
  19  1:46  Zergling x2  
  20  1:53  Zergling x2  
  21  1:54  Metabolic Boost  
  21  2:03  Zergling x2  
  22  2:14  Zergling x2  
  23  2:27  Zergling x2  
  24  2:36  Extractor, Zergling x2  
  24  2:44  Zergling x6  
  27  2:48  Zergling x2  
  28  2:59  Zergling x2  
  29  3:22  Zergling x2  
  29  3:23  Zergling x6  
  30  3:54  Zergling x2  
  30  3:55  Zergling x4  
  23  4:21  Zergling x6  
  23  4:37  Hatchery  
  21  4:43  Roach Warren  
  21  4:44  Zergling x4  
  20  4:59  Zergling x2  
  21  5:00  Zergling x6  
  24  5:12  Zergling x2  
  20  5:29  Roach x4  
  28  5:41  Drone  
  29  5:52  Roach  
  29  5:53  Roach x3  
  37  5:58  Roach  
  39  6:13  Roach x3  
  45  6:21  Roach x2  
  49  6:30  Roach  
Tags
 
Matchup
ZvZ
Race
Zerg
Spawn Locations
Close Positions
Add a new tag
Caveats
  • Supply blocks, unpowered buildings, or Contaminate may cause inaccurate times.
  • Supply counts are checked every 10 seconds.